 Dungeon Crawl Stone Soup version 0.29-a0-506-ga2e7fffb44 (webtiles) character file.

Game seed: 954221009684011803

14 dolemite99 the Skirmisher (level 2, 24/24 HPs)
             Began as a Demonspawn Fighter on May 28, 2022.
             Was a Follower of Vehumet.
             Quit the game on level 1 of the Dungeon.
             The game lasted 00:00:35 (508 turns).

dolemite99 the Skirmisher (Demonspawn Fighter)       Turns: 508, Time: 00:00:36

Health: 24/24      AC:  7    Str: 16    XL:     2   Next: 31%
Magic:  2/2        EV:  8    Int:  9    God:    Vehumet [*.....]
Gold:   59         SH:  4    Dex: 12    Spells: 1/1 levels left

rFire   . . .      SeeInvis .   a - +0 rapier
rCold   . . .      Faith    .   c - +0 buckler
rNeg    . . .      Spirit   .   b - +0 scale mail
rPois   .          Reflect  .   (no helmet)
rElec   .          Harm     .   e - +0 cloak
rCorr   +          Rampage  .   (no gloves)
Will    .....                   (no boots)
Stlth   ..........              (no amulet)
HPRegen 0.08/turn               f - ring of resist corrosion
MPRegen 0.08/turn               (no ring)

@: no status effects
A: claws 1
a: Renounce Religion


You were on level 1 of the Dungeon.
You worshipped Vehumet.
Vehumet was aware of your devotion.
You visited 1 branch of the dungeon, and saw 1 of its levels.

You collected 59 gold pieces.

Inventory:

Hand Weapons
 a - a +0 rapier (weapon)
Missiles
 j - 5 poisoned darts (quivered)
 k - 22 stones
Armour
 b - a +0 scale mail (worn)
 c - a +0 buckler (worn)
 e - a +0 cloak (worn)
Jewellery
 f - a ring of resist corrosion (left claw)
Scrolls
 h - a scroll of amnesia {unknown}
 i - a scroll of teleportation {unknown}
Potions
 d - a potion of might
 g - a potion of curing {unknown}


   Skills:
 - Level 3.0 Fighting
 - Level 2.5 Short Blades
 - Level 2.6 Armour
 - Level 2.6 Shields
 + Level 0.7 Unarmed Combat


You had one spell level left.
You didn't know any spells.
Your spell library was empty.

Dungeon Overview and Level Annotations

Branches:
Dungeon (1/15)

Altars:
Vehumet


Innate Abilities, Weirdness & Mutations

You have sharp fingernails.


Message History

No target in view!
No target in view!
No target in view!
No target in view!
No target in view!
No target in view!
No target in view!
No target in view!
No target in view!
No target in view!
No target in view!
No target in view!
No target in view!
No target in view!
Found 5 poisoned darts.
i - a scroll labelled ZATOMU GANY
There are no items here.
Things that are here:
a quokka corpse; a frilled lizard corpse
Found 22 stones.
No target in view!
No target in view!
There are no items here.
You see here 5 poisoned darts.
j - 5 poisoned darts You see here 22 stones.
k - 22 stones
Found a pair of gloves.
You open the huge gate.
Found a faded altar of an unknown god.
No target in view!
There is a huge open gate here.
There is a huge open gate here.
There is a faded altar of an unknown god here.
You cannot tell which god this altar belongs to.
Convert to them anyway?
Vehumet accepts your prayer! Vehumet welcomes you!
You can now gain magical power from killing.
Vehumet offers you knowledge of Magic Dart.
Are you sure you want to abandon this character and quit the game? (Confirm with "yes".)

....[##.#### # ...
#.......# # .# #..#
####.##.#### # .. ###..
##...##....###
##....####..#######....
...........## ####.
#.'''''..# ##
#.'''''..# #.''@''.##
#.'''''.# #.'''''.#
#.......# #######.# #.#
..# .##


There were no monsters in sight!

Vanquished Creatures
  3 ball pythons (D:1)
  An endoplasm (D:1)
  4 jackals (D:1)
  A quokka (D:1)
  A frilled lizard (D:1)
  A kobold (D:1)
  2 rats (D:1)
13 creatures vanquished.

Vanquished Creatures (others)
  4 toadstools (D:1)
4 creatures vanquished.

Grand Total: 17 creatures vanquished

Notes
Turn   | Place    | Note
-------+----------+-------------------------------------------
     0 | D:1      | dolemite99 the Demonspawn Fighter began the quest for the
                  | Orb.
     0 | D:1      | Reached XP level 1. HP: 18/18 MP: 1/1
    76 | D:1      | Gained mutation: You have sharp fingernails. [demonic
                  | ancestry]
    76 | D:1      | Reached XP level 2. HP: 11/24 MP: 2/2
   503 | D:1      | Found a faded altar of an unknown god.
   507 | D:1      | Prayed at the altar of an unknown god.
   507 | D:1      | Became a worshipper of Vehumet
   507 | D:1      | Reached * piety under Vehumet
   507 | D:1      | Offered knowledge of Magic Dart by Vehumet.
   508 | D:1      | Quit the game

Illustrated notes

Levels and vault maps discovered:
D:1:      ldierk_water_garden, layout_rooms,
          hellmonk_ecumenical_altar_heavens_door

Skill      XL: |  1 |
---------------+----+-----
Short Blades   | 2 |  2.5
Fighting       | |  3.0
Armour         | |  2.6
Shields        | |  2.6
Unarmed Combat | |  0.7

Action                   || total
-------------------------++-------
Melee: Rapier            ||    36
Armor: Scale mail        ||    22
Dodge: Dodged            ||    22
Block: Buckler           ||    13

Table legend: (Time is in decaauts)
 A = Elapsed time spent in this place.
 B = Non-inter-level travel time spent in this place.
 C = Inter-level travel time spent in this place.
 D = Time resting spent in this place.
 E = Time spent auto-exploring this place.
 F = Levels seen in this place.
 G = Mean time per level.
                   A        B        C        D        E       F      G
               +--------+--------+--------+--------+--------+-----+--------+
         Total |    513 |    513 |      0 |      0 |    395 |   1 |  513.0 |
       Dungeon |    513 |    513 |      0 |      0 |    395 |   1 |  513.0 |
               +--------+--------+--------+--------+--------+-----+--------+

Top non-repeatable levels by time:
     D:1: 513 daAuts
